 Dungeon Crawl Stone Soup version 0.25.0-11-g1f837a76a1 (webtiles) character file.

Game seed: 1162274141535053487

100 Esekla the Grave Robber (level 4, -5/29 HPs)
             Began as an Octopode Necromancer on June 26, 2020.
             Killed from afar by a dart slug (7 damage)
             ... with a slug dart
             ... on level 3 of the Dungeon.
             The game lasted 00:13:57 (2476 turns).

Esekla the Grave Robber (Octopode Necromancer)      Turns: 2476, Time: 00:13:58

Health: -5/29      AC:  1    Str:  7    XL:     4   Next: 74%
Magic:  3/8        EV: 14    Int: 18    God:
Gold:   71         SH:  0    Dex: 12    Spells: 4/8 levels left

rFire    . . .     SeeInvis .   j - +4 short sword
rCold    . . .     Gourm    .   (no shield)
rNeg     . . .     Faith    .   (helmet restricted)
rPois    .         Spirit   .   (no amulet)
rElec    .         Reflect  .   (no ring)
rCorr    .         Harm     .   (no ring)
MR       .....                  (no ring)
Stlth    +++.......             (no ring)
HPRegen  0.09/turn              (no ring)
MPRegen  0.11/turn              (no ring)
                                (no ring)
                                (no ring)

@: very slightly contaminated, lightly drained
A: almost no armour, stealthy swim, amphibious, 8 rings, constrict 8, camouflage
1, gelatinous body 1
a: no special abilities


You were on level 3 of the Dungeon.
You were not hungry.

You visited 1 branch of the dungeon, and saw 3 of its levels.

You collected 71 gold pieces.

Inventory:

Hand Weapons
 d - a +0 spear
 g - a +1 short sword of speed
 j - a +4 short sword (weapon)
Wands
 r - a wand of acid (10)
Scrolls
 c - 2 scrolls of amnesia {unknown}
 e - 5 scrolls of remove curse {unknown}
 f - a scroll of immolation {unknown}
 k - 3 scrolls of teleportation {unknown}
 n - a scroll of random uselessness {unknown}
 o - a scroll of magic mapping {unknown}
 q - a scroll of fear {unknown}
Potions
 a - 2 potions of lignification {unknown}
 h - 3 potions of flight {unknown}
 i - a potion of berserk rage {unknown}
 l - a potion of brilliance {unknown}
 m - 3 potions of curing {unknown}
Comestibles
 b - 2 rations
 p - a chunk of flesh


   Skills:
 * Level 1.9(1.7) Fighting
 + Level 1.6(1.3) Short Blades
 + Level 0.1(0.0) Polearms
 * Level 3.0(2.7) Dodging
 - Level 2.6(2.4) Stealth
 * Level 2.7(2.5) Spellcasting
 + Level 4.0(3.7) Necromancy


You had 4 spell levels left.
You knew the following spells:

 Your Spells              Type           Power        Failure   Level  Hunger
a - Pain                  Necr           ###.         3%          1    #......
d - Vampiric Draining     Necr           ###.......   11%         3    ###....

Your spell library contained the following spells:

 Spells                   Type           Power        Failure   Level  Hunger
 Animate Skeleton         Necr           N/A          3%          1    #......
 Animate Dead             Necr           N/A          34%         4    #####..
 Agony                    Necr           ###.....     69%         5    ######.


Dungeon Overview and Level Annotations

Branches:
Dungeon (3/15)

Altars:

Annotations:
D:3 Robin


Innate Abilities, Weirdness & Mutations

You cannot wear most types of armour.
You are very stealthy in the water. (Stealth+)
You are amphibious.
You can wear up to eight rings at the same time.
You can use your tentacles to constrict eight enemies at once.
Your skin changes colour to match your surroundings (Stealth+).
Your rubbery body absorbs attacks. (AC +1, EV +1)


Message History

The dart slug is heavily wounded.
You constrict the dart slug. The goblin closely misses you.
The goblin hits you with a cursed -1 dagger.
* * * LOW HITPOINT WARNING * * *
The goblin misses you.
You release your grip on the dart slug.
The goblin no longer looks unusually strong.
The dart slug bites you.
* * * LOW HITPOINT WARNING * * *
The goblin hits you with a +0 dagger.
* * * LOW HITPOINT WARNING * * *
Robin throws the goblin at you!
* * * LOW HITPOINT WARNING * * *
The goblin hits you but does no damage.
You feel drained.
The goblin no longer looks unusually strong.
Robin roars a battlecry!
The goblins go into a battle-frenzy!
The dart slug launches a dart at you. The slug dart hits you!
You die...

#### #####
###...###.....
##.........#
.......@.g.##
##......gw..#
#.#...#g..##
#......gg##
########.#
###### #.#


#PPPPP ##g## #.P$$$P ##...## ##.P$$$P##<....## You could see Robin (fast), a
dart slug, a hobgoblin (strong) and 4 goblins.

Vanquished Creatures
  3 adders (D:2)
  An ooze (D:2)
  2 worms (D:2)
  3 dart slugs
  A leopard gecko (D:1)
  3 giant cockroaches (D:2)
  8 goblins
  8 hobgoblins
  2 jackals (D:1)
  5 bats
  4 frilled lizards
  11 kobolds
  6 rats
57 creatures vanquished.

Notes
Turn   | Place    | Note
-------+----------+-------------------------------------------
     0 | D:1      | Esekla the Octopode Necromancer began the quest for the
                  | Orb.
     0 | D:1      | Reached XP level 1. HP: 11/11 MP: 3/3
   338 | D:1      | Reached XP level 2. HP: 12/18 MP: 1/5
   846 | D:1      | Reached skill level 1 in Fighting
  1068 | D:1      | Reached XP level 3. HP: 20/23 MP: 4/6
  1073 | D:1      | Learned a level 3 spell: Vampiric Draining
  1710 | D:2      | Reached skill level 1 in Short Blades
  1710 | D:2      | Reached XP level 4. HP: 28/28 MP: 8/8
  2453 | D:3      | Noticed Robin
  2476 | D:3      | Killed from afar by a dart slug

Illustrated notes

Levels and vault maps discovered:
D:1:      dpeg_arrival_rooms_b, layout_loops_ring, minmay_3d_cube
D:2:      layout_basic
D:3:      layout_loops_corners, grunt_temple_overflow_opulence,
          chequers_temple_overflow_statue_of_worship,
          ebering_ghost_reflecting_pool, minivault_5, minmay_gold_behind_fungi,
          minmay_increasing_density, uniq_robin, uniq_ijyb

Skill      XL: |  1  2  3  4 |
---------------+-------------+-----
Fighting       | 1 |  1.9
Short Blades   | 1 |  1.6
Dodging        | 3 |  3.0
Polearms       | |  0.1
Stealth        | |  2.6
Spellcasting   | |  2.7
Necromancy     | |  4.0

Action                   |  1- 3 |  4- 6 || total
-------------------------+-------+-------++-------
Melee: Spear             |    21 |       ||    21
       Constrict         |    15 |    10 ||    25
       Tentacles         |     8 |     5 ||    13
       Short sword       |    57 |    39 ||    96
 Cast: Pain              |    12 |       ||    12
       Vampiric Draining |     1 |     2 ||     3
 Stab: Sleeping          |     9 |     2 ||    11
  Eat: Chunk             |     3 |     2 ||     5
Armor: Skin              |     2 |     3 ||     5
Dodge: Dodged            |    33 |    32 ||    65
